 Dungeon Crawl Stone Soup version 0.27-a0-1147-gb3d8e82157 (webtiles) character file.

Game seed: 1073997336333715533

236520 wakim the Brawler (level 19, -70/168 HPs)
             Began as a Ghoul Monk on May 11, 2021.
             Was the Champion of Yredelemnul.
             Killed from afar by an ancient lich (102 damage)
             ... with a crystal spear
             ... in a wizard's laboratory on May 12, 2021.
             The game lasted 02:45:21 (50900 turns).

wakim the Brawler (Ghoul Monk)                     Turns: 50900, Time: 02:45:21

Health: -70/168    AC: 44    Str: 25    XL:     19   Next: 21%
Magic:  28/28      EV:  8    Int: 11    God:    Yredelemnul [******]
Gold:   2613       SH: 28    Dex:  9    Spells: 18/18 levels left

rFire    + + +     SeeInvis +     - Unarmed
rCold    + + +     Faith    .   G - +4 tower shield of Birdsong {Harm Rampage +Blink rCorr}
rNeg     + + +     Spirit   .   n - +15 Maxwell's patent armour {-Cast -Tele rElec Will+ rCorr}
rPois    ∞         Reflect  +   P - +2 helmet
rElec    +         Harm     +   q - +1 cloak {Will+}
rCorr    +         Rampage  +   s - +2 pair of gloves
Will     ++++.     NoTele   +   g - +2 pair of boots {rampage} Stlth ..........NoCast +
                                l - amulet "Nupliux" {Reflect rF+ rC++ SH+5}
HPRegen  0.00/turn              e - ring of Woucliown {Contam rF+++ rC++ Str+2 Int+6 Dex-2}
MPRegen  0.21/turn              d - ring of the Worm {rC- rN+ Will+ SInv}

@: studying Fighting
A: claws 1, cold resistance 1, negative energy resistance 3, inhibited
regeneration, torment resistance 2
}: 2/15 runes: decaying, serpentine
a: Renounce Religion, Evoke Blink, Recall Undead Slaves, Injury Mirror, Animate
Dead, Drain Life, Enslave Soul


You were in a wizard's laboratory.
You worshipped Yredelemnul.
Yredelemnul was exalted by your worship.
You visited 7 branches of the dungeon, and saw 34 of its levels.
You also visited: Bailey, Ice Cave, Volcano and Wizlab.

You collected 6038 gold pieces.
You spent 3425 gold pieces at shops.

Inventory:

Missiles
 h - 11 curare-tipped darts {=f}
 i - 17 throwing nets {=f!f}
 m - 5 boomerangs of dispersal {=f!f}
Armour
 b - a scarf of resistance
 f - a +2 hat of see invisible
 g - a +2 pair of boots of rampaging (worn)
 n - the +15 Maxwell's patent armour (worn) {-Cast -Tele rElec Will+ rCorr}
   (You found it on level 14 of the Dungeon)

   It insulates you from electricity.
   It prevents spellcasting.
   It prevents most forms of teleportation.
   It protects you from acid and corrosion.
   It increases your willpower.
 q - a +1 cloak of willpower (worn)
 s - a +2 pair of gloves (worn)
 C - a +0 crystal plate armour
 G - the +4 tower shield of Birdsong (worn) {Harm Rampage +Blink rCorr}
   (You bought it in a shop on level 1 of the Snake Pit)

   It lets you blink.
   It protects you from acid and corrosion.
   It increases damage dealt and taken.
   It bestows one free step when moving towards enemies.
 P - a +2 helmet (worn)
Jewellery
 a - a ring of flight
 c - an amulet of faith
 d - the ring of the Worm (right hand) {rC- rN+ Will+ SInv}
   (You found it on level 6 of the Lair of Beasts)

   [ring of see invisible]

   It makes you vulnerable to cold.
   It protects you from negative energy.
   It lets you see invisible.
   It increases your willpower.
 e - the ring of Woucliown (left hand) {Contam rF+++ rC++ Str+2 Int+6 Dex-2}
   (You found it on level 1 of the Swamp)

   [ring of intelligence]

   It affects your strength (+2).
   It affects your intelligence (+6).
   It affects your dexterity (-2).
   It renders you almost immune to fire.
   It greatly protects you from cold.
   It causes magical contamination when unequipped.
 j - a ring of willpower
 l - the amulet "Nupliux" (around neck) {Reflect rF+ rC++ SH+5}
   (You acquired it on level 14 of the Dungeon)

   [amulet of reflection]

   It reflects blocked missile attacks.
   It protects you from fire.
   It greatly protects you from cold.
   It affects your SH (+5).
 o - a ring of protection from cold
 p - a ring of ice
 M - a +4 ring of evasion
Wands
 t - a wand of digging (5)
 u - a wand of mindburst (33)
 v - a wand of flame (99) (quivered)
 w - a wand of acid (30)
 x - a wand of charming (10)
 y - a wand of paralysis (9)
 z - a wand of iceblast (58)
Scrolls
 k - a scroll of torment
 r - 12 scrolls of identify
 L - 4 scrolls of enchant armour
 Q - 2 scrolls of brand weapon
 R - 2 scrolls of magic mapping {!r}
 S - 2 scrolls of summoning
 T - 15 scrolls of teleportation
 U - 3 scrolls of fear
 X - 6 scrolls of fog
 Y - 4 scrolls of blinking {!r}
 Z - a scroll of silence {!r}
Potions
 A - 10 potions of ambrosia
 B - 5 potions of attraction {!q}
 D - 4 potions of brilliance
 E - 4 potions of cancellation
 F - 13 potions of curing
 H - 5 potions of haste
 I - a potion of invisibility
 J - 8 potions of heal wounds
 K - 4 potions of magic
 N - 3 potions of might
 O - a potion of resistance


   Skills:
 + Level 14.3 Fighting
 * Level 13.2 Armour
 + Level 11.0 Dodging
 - Level 4.0 Stealth
 * Level 12.3 Shields
 * Level 17.2 Unarmed Combat
 + Level 14.4 Invocations
 + Level 9.3 Evocations


You had 18 spell levels left.
You didn't know any spells.
Your spell library contained the following spells:

 Spells                   Type           Power      Damage    Failure   Level
 Apportation              Tloc           0%         N/A       100%        1
 Corona                   Hex            0%         N/A       100%        1
 Foxfire                  Conj/Fire      0%         2x1d4     100%        1
 Freeze                   Ice            0%         1d3       100%        1
 Sandblast                Erth           0%         2d4       100%        1
 Summon Small Mammal      Summ           0%         N/A       100%        1
 Call Imp                 Summ           0%         N/A       100%        2
 Ensorcelled Hibernation  Hex/Ice        0%         N/A       100%        2
 Passwall                 Tmut/Erth      0%         N/A       100%        2
 Slow                     Hex            0%         N/A       100%        2
 Call Canine Familiar     Summ           0%         N/A       100%        3
 Confusing Touch          Hex            0%         N/A       100%        3
 Conjure Flame            Conj/Fire      0%         6-21      100%        3
 Dazzling Flash           Conj/Hex       0%         N/A       100%        3
 Frozen Ramparts          Ice            0%         1d2       100%        3
 Gell's Gravitas          Tloc           0%         N/A       100%        3
 Inner Flame              Hex/Fire       0%         N/A       100%        3
 Lesser Beckoning         Tloc           0%         N/A       100%        3
 Ozocubu's Armour         Ice            0%         N/A       100%        3
 Portal Projectile        Hex/Tloc       0%         N/A       100%        3
 Stone Arrow              Conj/Erth      0%         3d7       100%        3
 Summon Guardian Golem    Hex/Summ       0%         N/A       100%        3
 Tukima's Dance           Hex            0%         N/A       100%        3
 Cause Fear               Hex            0%         N/A       100%        4
 Hailstorm                Conj/Ice       0%         3d3       100%        4
 Leda's Liquefaction      Hex/Erth       0%         N/A       100%        4
 Petrify                  Tmut/Erth      0%         N/A       100%        4
 Sticky Flame             Conj/Fire      0%         2d3       100%        4
 Summon Ice Beast         Ice/Summ       0%         N/A       100%        4
 Summon Lightning Spire   Summ/Air       0%         N/A       100%        4
 Fireball                 Conj/Fire      0%         3d3       100%        5
 Lee's Rapid Deconstruct  Erth           0%         3d5*      100%        5
 Metabolic Englaciation   Hex/Ice        0%         N/A       100%        5
 Summon Forest            Summ/Tloc      0%         N/A       100%        5
 Yara's Violent Unravell  Hex/Tmut       0%         3d3       100%        5
 Dragon's Call            Summ           0%         N/A       100%        9
 Beastly Appendage        Tmut           Unusable   N/A       N/A         1
 Wereblood                Tmut           Unusable   N/A       N/A         2
 Spider Form              Tmut/Pois      Unusable   N/A       N/A         3
 Ice Form                 Ice/Tmut       Unusable   N/A       N/A         4
 Hydra Form               Tmut           Unusable   N/A       N/A         5
 Dragon Form              Tmut           Unusable   N/A       N/A         7

Dungeon Overview and Level Annotations

Branches:
Dungeon (15/15)            Temple (1/1) D:4            Lair (6/6) D:9
  Swamp (4/4) Lair:4        Snake (4/4) Lair:3        Slime (0/5) Lair:6
    Orc (2/2) D:9             Elf (0/3) Orc:2        Vaults (2/5) D:14
  Crypt (0/3) Vaults:2     Depths (0/5) D:15         Bailey (visited)
  IceCv (visited)         Volcano (visited)          WizLab (1/1)

Altars:
Ashenzari
Cheibriados
Dithmenos
Elyvilon
Fedhas
Gozag
Hepliaklqana
Kikubaaqudgha
Makhleb
Nemelex Xobeh
Okawaru
Qazlal
Ru
Sif Muna
Trog
Uskayaw
Vehumet
Wu Jian
Xom
Yredelemnul
Zin
The Shining One

Shops:
D:8 *   D:15 *   Orc:1 (   Orc:2 :=[[   Snake:1 (:[!   Snake:4 (*=!


Innate Abilities, Weirdness & Mutations

You thrive by killing the living.
You are immune to poison.
You have sharp fingernails.
Your flesh is cold resistant. (rC+)
You are immune to negative energy. (rN+++)
You do not regenerate when monsters are visible.
You are immune to unholy pain and torment.


Message History

You block the tengu warrior zombie's attack.
The tengu warrior zombie pecks you but does no damage.
You block the tengu warrior zombie's attack.
You closely miss the tengu warrior zombie.
The tengu warrior zombie hits you but does no damage.
You block the tengu warrior zombie's attack. x2
You hit the tengu warrior zombie.
The tengu warrior zombie is lightly damaged.
You closely miss the tengu warrior zombie.
The tengu warrior zombie is lightly damaged.
The tengu warrior zombie hits you but does no damage.
You block the tengu warrior zombie's attack. x2
You pummel the tengu warrior zombie!!
The tengu warrior zombie is moderately damaged.
You block the tengu warrior zombie's attack. x3
You pummel the tengu warrior zombie!!
The tengu warrior zombie is severely damaged.
You punch the tengu warrior zombie!
The tengu warrior zombie is almost destroyed.
You block the tengu warrior zombie's attack. x3
You punch the tengu warrior zombie!
You destroy the tengu warrior zombie!
Yredelemnul accepts your kill.
You hit the ancient lich but do no damage.
The ancient lich mumbles some strange words.
The ancient lich seems to speed up.
You punch the ancient lich!
The ancient lich is lightly damaged.
The ancient lich gestures at you while chanting.
The crystal spear hits you!!!!
Ouch! That really hurt!
* * * LOW HITPOINT WARNING * * *
The ancient lich touches you.
* * * LOW HITPOINT WARNING * * *
The ancient lich touches you but does no damage.
The ancient lich casts a spell at you. The crystal spear hits you!!!!
Ouch! That really hurt!
You die...
Yredelemnul claims you as an undead slave.

############# #...........#
#...........# #...........#
#..@..∩..∩..# #...........#
#...L.......# #...........#
###################?#############
.................................
.................................
...........................##....
..###.....#................ #....


You could see an ancient lich (fast).

Vanquished Creatures
  A tengu reaver (D:14)
  A fenstrider witch (Swamp:4)
  A frost giant (D:14)
  A ghost moth (shapeshifter) (Vaults:1)
  A dire elephant (Vaults:1)
  A bunyip (Swamp:3)
  A green death (Swamp:4)
  A mummy priest (WizLab)
  A yaktaur captain (Vaults:1)
  6 hydras
  2 naga warriors (Snake:4)
  A vault guard (D:14)
  A boulder beetle (Lair:6)
  2 ironbound frosthearts (Vaults:1)
  2 ogre magi
  12 centaur warriors
  3 two-headed ogres
  3 anacondas
  4 tengu warriors
  An orc high priest (Bailey)
  2 ironbound beastmasters (Vaults:1)
  5 naga sharpshooters
  A soul eater (Swamp:4)
  A hell knight (D:15)
  2 salamander mystics
  2 sixfirhies (Swamp:4)
  3 deep trolls (Vaults:1)
  A spriggan druid (Swamp:3)
  2 goliath frogs (Swamp:1)
  A skeletal warrior (Volcano)
  4 naga ritualists
  A bog body (Swamp:4)
  A lindwurm (Vaults:1)
  3 wizards
  An ironbound convoker (Vaults:1)
  5 orc knights
  2 tengu zombies (WizLab)
  2 deep elf pyromancers
  3 mana vipers
  2 manticores
  2 orc sorcerers
  A wolf spider (D:14)
  A cyclops (D:15)
  5 salamanders
  Joseph (D:6)
  A guardian serpent (Snake:1)
  An elephant (Lair:5)
  7 naga magi
  3 vault sentinels (Vaults:1)
  An ice statue (IceCv)
  18 black mambas
  3 cane toads
  An orange demon (Swamp:4)
  4 gargoyles
  2 rime drakes (Lair:6)
  3 kobold demonologists
  3 unseen horrors
  3 komodo dragons
  A hellwing (Swamp:4)
  2 guardian mummies (WizLab)
  3 yaktaurs (Vaults:1)
  15 polar bears
  4 meliai
  2 tyrant leeches (Swamp:1)
  4 hornets
  8 dream sheep (Lair:6)
  5 slime creatures
  2 blink frogs
  3 flying skulls (Volcano)
  25 yaks
  A centaur simulacrum (D:14)
  4 spriggans
  2 alligator skeletons (Volcano)
  2 wraiths
  A wyvern (Lair:6)
  2 hogs (Swamp:1)
  2 basilisks
  7 vampire mosquitoes
  2 steam dragons
  14 nagas
  5 swamp worms
  A two-headed ogre zombie (D:9)
  6 water moccasins
  12 orc warriors
  6 ice beasts
  8 black bears
  2 necrophages (D:10)
  A boggart (Vaults:1)
  3 centaurs
  2 ogres
  22 wolves
  2 phantoms (D:9)
  A kobold brigand (D:12)
  6 bullfrogs
  5 gnoll sergeants
  2 scorpions (D:4)
  A water moccasin skeleton (D:5)
  A troll zombie (D:9)
  15 killer bees
  5 wights
  2 spriggan skeletons (Volcano)
  A howler monkey (D:5)
  3 troll skeletons (Volcano)
  6 electric eels
  A bullfrog zombie (D:5)
  A crimson imp (D:10)
  5 centaur zombies
  A lava snake (Snake:2)
  12 hounds
  A human zombie (D:10)
  13 orc priests
  A centaur skeleton (D:7)
  5 gnoll shamans
  4 jellies
  A bullfrog skeleton (D:6)
  2 iguanas
  13 orc wizards
  2 hell rats (Lair:6)
  5 ogre zombies (D:9)
  2 naga skeletons (Volcano)
  A mummy (D:10)
  Robin (D:4)
  A howler monkey zombie (D:11)
  6 adders
  33 gnolls
  2 howler monkey skeletons
  A white imp (D:7)
  2 ufetubi
  2 worms
  4 dart slugs
  36 orcs
  7 bats
  5 endoplasms
  5 giant cockroaches
  21 goblins
  12 hobgoblins
  13 jackals
  A quokka (D:2)
  6 ball pythons
  6 frilled lizards
  2 hobgoblin skeletons (D:9)
  2 hobgoblin zombies (D:9)
  15 kobolds
  3 orc skeletons (D:9)
  15 orc zombies (D:9)
  6 rats
  3 bushes (Lair:2)
659 creatures vanquished.

Vanquished Creatures (collateral kills)
  Nikola (Swamp:2)
  The ghost of Xufiri the Warrior, an adept FoFi of Makhleb (Swamp:3)
  Jorgrun (Swamp:1)
  A tentacled monstrosity (Swamp:4)
  Kirke (Swamp:1)
  A thorn hunter (Swamp:4)
  5 nagarajas
  3 fenstrider witches
  An orc warlord (Vaults:1)
  Louise (Swamp:1)
  3 vault wardens (Vaults:1)
  2 frost giants
  4 ironbound preservers (Vaults:1)
  4 very ugly things (Vaults:1)
  3 bunyips
  2 eleionomae
  A green death (Swamp:4)
  An ettin (D:15)
  6 shambling mangroves
  Josephine (Orc:2)
  Snorg (D:11)
  Fannar (Lair:3)
  The ghost of Riov the Covert, a journeyman VSFi of Uskayaw (Lair:3)
  2 yaktaur captains
  A great orb of eyes (Vaults:1)
  A salamander tyrant (Snake:4)
  4 boulder beetles
  13 naga warriors
  5 ghost crabs
  4 vault guards
  8 hydras
  A spriggan air mage (Swamp:3)
  The ghost of emiel the Carver, a journeyman DsWn of Ru (Lair:2)
  2 ogre magi
  3 ironbound frosthearts (Vaults:1)
  7 centaur warriors
  A catoblepas (D:13)
  3 death yaks (Lair:5)
  17 two-headed ogres
  An anaconda (Snake:2)
  5 tengu warriors
  7 alligators
  2 ironbound beastmasters (Vaults:1)
  9 naga sharpshooters
  3 orc high priests (Orc:2)
  A spriggan berserker (Swamp:3)
  A shock serpent (Snake:2)
  Sonja (Lair:3)
  3 goliath frogs
  3 salamander mystics
  A sixfirhy (Swamp:4)
  12 deep trolls
  2 skeletal warriors
  9 spriggan druids
  4 naga ritualists
  2 swamp dragons
  3 wizards
  3 bog bodies
  3 ironbound convokers
  A necromancer (D:15)
  3 lindwurms
  2 deep elf pyromancers (D:14)
  8 orc knights
  5 orc sorcerers
  4 oklob plants
  9 cyclopes
  6 mana vipers
  17 ugly things
  3 will-o-the-wisps
  5 manticores
  14 salamanders
  8 elephants (Lair:5)
  A black mamba (shapeshifter) (D:14)
  4 centaur zombies
  4 guardian serpents
  15 naga magi
  An ice statue (IceCv)
  Maurice (Orc:1)
  19 black mambas
  An orange demon (Swamp:4)
  7 vault sentinels (Vaults:1)
  3 gargoyles
  2 kobold demonologists
  12 cane toads
  5 yaktaurs (Vaults:1)
  An unseen horror (D:13)
  7 komodo dragons
  9 polar bears
  2 queen bees
  A tengu conjurer (D:15)
  3 trolls
  7 meliai
  11 tyrant leeches
  23 hornets
  6 blink frogs
  9 slime creatures
  2 harpy skeletons (Volcano)
  9 dream sheep (Lair:6)
  2 shadows (D:11)
  18 spriggans
  5 wraiths (Orc:2)
  26 yaks
  4 hogs (Swamp:1)
  12 vampire mosquitoes
  3 basilisks
  3 chaos spawn (Swamp:4)
  2 wargs
  An acid dragon (D:8)
  10 swamp worms
  4 water moccasins
  29 nagas
  A swamp drake (Swamp:1)
  3 ice beasts (D:11)
  22 orc warriors
  6 black bears
  10 ogres
  11 boggarts
  26 wolves
  5 centaurs
  A phantom (D:9)
  A kobold brigand (D:10)
  4 bullfrogs
  An earth elemental (Swamp:3)
  A gnoll sergeant (D:7)
  22 killer bees
  2 wights
  3 electric eels
  6 lava snakes (Snake:2)
  A gnoll shaman (Orc:1)
  3 orc priests
  A jelly (Lair:6)
  7 orc wizards
  4 hell rats (Lair:6)
  An ogre zombie (D:9)
  A howler monkey zombie (D:8)
  A mummy (D:10)
  3 gnolls (Orc:1)
  21 orcs
  2 hobgoblins (Bailey)
  A kobold (D:10)
  A goblin zombie (D:9)
  2 orc zombies (D:9)
  29 bushes
766 creatures vanquished.

Vanquished Creatures (others)
  A bone dragon (D:14)
  3 ghouls
  A vampire knight (Swamp:3)
  A spectral human (D:14)
  A hydra (Lair:5)
  7 skeletal warriors
  6 phantasmal warriors
  4 flayed ghosts
  A black mamba (Snake:2)
  3 bloated husks
  A spriggan (Swamp:4)
  8 vampires
  5 wraiths
  A vampire mosquito (D:14)
  2 wights
  2 mummies (D:8)
  2 gnoll zombies (D:7)
  14 foxfires
  72 fungi
  77 plants
212 creatures vanquished.

Grand Total: 1637 creatures vanquished

Notes
Turn   | Place    | Note
-------+----------+-------------------------------------------
     0 | D:1      | wakim the Ghoul Monk began the quest for the Orb.
     0 | D:1      | Reached XP level 1. HP: 19/19 MP: 0/0
   389 | D:1      | Reached XP level 2. HP: 26/26 MP: 1/1
   477 | D:1      | Found a faded altar of an unknown god.
   478 | D:1      | You fall into a shaft and drop 1 floor!
   574 | D:2      | Reached skill level 1 in Armour
   739 | D:2      | Reached XP level 3. HP: 27/31 MP: 2/2
  1806 | D:2      | Reached XP level 4. HP: 39/39 MP: 3/3
  1840 | D:2      | Reached skill level 4 in Unarmed Combat
  2643 | D:3      | Identified a scroll of acquirement
  2643 | D:3      | Acquired an amulet of faith
  3112 | D:4      | Reached XP level 5. HP: 40/46 MP: 4/4
  3327 | D:4      | Reached XP level 6. HP: 43/52 MP: 5/5
  3556 | D:4      | Reached skill level 5 in Unarmed Combat
  4257 | D:4      | Found a blossoming altar of Fedhas.
  4328 | D:4      | Noticed a water moccasin
  4346 | D:4      | Killed a water moccasin
  4347 | D:4      | Reached XP level 7. HP: 49/60 MP: 6/6
  4502 | D:4      | Found a staircase to the Ecumenical Temple.
  4515 | Temple   | Entered the Ecumenical Temple
  4617 | Temple   | Became a worshipper of Yredelemnul the Dark
  4617 | Temple   | Reached * piety under Yredelemnul
  4617 | Temple   | Reached ** piety under Yredelemnul
  4788 | D:4      | Noticed Robin
  4811 | D:4      | Killed Robin
  5183 | D:5      | Entered Level 5 of the Dungeon
  5192 | D:5      | Acquired 1079 gold pieces
  5194 | D:5      | Acquired a +2 pair of boots of rampaging
  5196 | D:5      | Acquired a +2 hat of see invisible
  5255 | D:5      | Reached skill level 1 in Invocations
  5432 | D:5      | Noticed a komodo dragon
  5454 | D:5      | Killed a komodo dragon
  5455 | D:5      | Reached skill level 6 in Unarmed Combat
  5455 | D:5      | Reached XP level 8. HP: 13/67 MP: 6/8
  5880 | D:5      | Reached skill level 5 in Fighting
  6712 | D:6      | Reached skill level 5 in Armour
  6712 | D:6      | Reached skill level 7 in Unarmed Combat
  7380 | D:7      | Noticed Joseph
  7486 | D:6      | Killed Joseph
  7486 | D:6      | Reached *** piety under Yredelemnul
  7487 | D:6      | Reached XP level 9. HP: 51/75 MP: 10/10
  8005 | D:7      | Reached skill level 8 in Unarmed Combat
  8381 | D:6      | Reached skill level 5 in Dodging
  8642 | D:7      | Reached **** piety under Yredelemnul
  8655 | D:7      | Received a gift from Yredelemnul (a mummy)
  9524 | D:7      | Found an iron altar of Okawaru.
  9547 | D:8      | Found Soteprap's Hallowed Reliquary.
  9547 | D:8      | Noticed an angel
  9581 | D:8      | Bought 2 potions of curing for 60 gold pieces
  9720 | D:8      | Reached skill level 1 in Shields
  9720 | D:8      | Reached XP level 10. HP: 84/84 MP: 10/12
  9728 | D:8      | Received a gift from Yredelemnul (a mummy)
 10216 | D:8      | Reached skill level 9 in Unarmed Combat
 10495 | D:8      | Noticed a two-headed ogre
 10507 | D:8      | Killed a two-headed ogre
 10516 | D:8      | Reached skill level 5 in Invocations
 11455 | D:9      | Received a gift from Yredelemnul (a wight)
 11456 | D:9      | Found a staircase to the Orcish Mines.
 11588 | D:8      | Acquired a scarf of resistance
 11686 | D:9      | Reached ***** piety under Yredelemnul
 11712 | D:9      | Noticed a two-headed ogre
 11801 | D:9      | Received a gift from Yredelemnul (a wraith)
 12015 | D:9      | Killed a two-headed ogre
 12389 | D:9      | Noticed a two-headed ogre
 12402 | D:9      | Reached XP level 11. HP: 56/92 MP: 11/14
 12835 | D:9      | Killed a two-headed ogre
 12836 | D:9      | Reached skill level 10 in Unarmed Combat
 12836 | D:9      | Reached skill level 1 in Evocations
 12865 | D:9      | Received a gift from Yredelemnul (a wraith)
 13173 | D:9      | Found a staircase to the Lair.
 13583 | D:10     | Entered Level 10 of the Dungeon
 13583 | D:10     | Noticed a two-headed ogre
 13594 | D:9      | Killed a two-headed ogre
 14221 | D:10     | Noticed a two-headed ogre
 14231 | D:10     | Killed a two-headed ogre
 14809 | D:10     | Found an ancient bone altar of Kikubaaqudgha.
 14835 | D:10     | Received a gift from Yredelemnul (a wight)
 15389 | D:10     | Received a gift from Yredelemnul (a wraith)
 15726 | D:10     | Noticed a wizard
 15752 | D:10     | Killed a wizard
 15999 | D:11     | Found a frozen archway.
 16019 | D:11     | Reached skill level 11 in Unarmed Combat
 16180 | IceCv    | Entered an ice cave
 16206 | IceCv    | Reached XP level 12. HP: 65/101 MP: 13/16
 16210 | IceCv    | Received a gift from Yredelemnul (a vampire)
 16819 | IceCv    | Received a gift from Yredelemnul (a skeletal warrior)
 17364 | IceCv    | Noticed a frost giant
 17375 | IceCv    | Killed a frost giant
 17377 | IceCv    | Received a gift from Yredelemnul (a vampire)
 17393 | IceCv    | Received a gift from Yredelemnul (a wraith)
 17859 | D:11     | Noticed Snorg
 17868 | D:11     | Killed Snorg
 18028 | D:11     | Received a gift from Yredelemnul (a phantasmal warrior)
 18093 | D:11     | Noticed a two-headed ogre
 18099 | D:11     | Killed a two-headed ogre
 18100 | D:11     | Reached skill level 12 in Unarmed Combat
 18249 | D:11     | Noticed a two-headed ogre
 18257 | D:11     | Killed a two-headed ogre
 18520 | D:11     | Noticed a two-headed ogre
 18527 | D:11     | Killed a two-headed ogre
 18734 | D:11     | Noticed a boulder beetle
 18744 | D:11     | Killed a boulder beetle
 18745 | D:11     | Reached XP level 13. HP: 110/111 MP: 19/19
 18893 | Lair:1   | Entered Level 1 of the Lair of Beasts
 18916 | Lair:1   | Received a gift from Yredelemnul (a skeletal warrior)
 19167 | Lair:1   | Reached skill level 5 in Shields
 20536 | Lair:2   | Received a gift from Yredelemnul (a phantasmal warrior)
 21287 | Lair:2   | Found a runed translucent door.
 21288 | Lair:2   | Noticed emiel's ghost (journeyman DsWn)
 21566 | Lair:2   | Identified the +3 spear "Ghoul's Foe" {venom, Int-3 Dex+6
                  | SInv}
 21567 | Lair:2   | Identified the +1 short sword of Fuzzy Blind Justice
                  | {vorpal, Int+4}
 21769 | Lair:2   | Received a gift from Yredelemnul (a phantasmal warrior)
 21778 | Lair:2   | Killed emiel's ghost
 21779 | Lair:2   | Reached skill level 10 in Invocations
 22153 | Lair:3   | Found a transporter.
 22165 | Lair:3   | Noticed Riov's ghost (journeyman VSFi)
 22299 | Lair:3   | Found a staircase to the Snake Pit.
 22360 | Lair:3   | Noticed Sonja
 22376 | Lair:3   | Killed Sonja
 22517 | Lair:3   | Identified the +9 falchion "Usheidat" {flame, rElec Str+4}
 22574 | Lair:3   | Identified the +4 whip "Veme" {venom, Fragile rElec rC-
                  | rN+++}
 22580 | Lair:3   | Noticed Fannar
 22593 | Lair:3   | Killed Fannar
 22835 | Lair:3   | Found a transporter.
 22837 | Lair:3   | Found the +8 whip "Snakebite" {curare, rPois}
 23043 | Lair:3   | Killed Riov's ghost
 23151 | Lair:4   | Received a gift from Yredelemnul (a wraith)
 23500 | Lair:4   | Reached skill level 5 in Evocations
 23639 | Lair:4   | Found a staircase to the Swamp.
 24592 | Lair:5   | Received a gift from Yredelemnul (a skeletal warrior)
 24592 | Lair:5   | Reached skill level 13 in Unarmed Combat
 24596 | Lair:5   | Found a dark tunnel.
 24604 | Volcano  | Entered a volcano
 24738 | Volcano  | Reached XP level 14. HP: 119/119 MP: 21/21
 25536 | Volcano  | Received a gift from Yredelemnul (a vampire knight)
 26722 | Lair:5   | Reached skill level 10 in Fighting
 26727 | Lair:5   | Reached ****** piety under Yredelemnul
 27328 | Lair:6   | Entered Level 6 of the Lair of Beasts
 27328 | Lair:6   | Noticed Rupert
 27338 | Lair:6   | Killed Rupert
 27338 | Lair:6   | Enslaved Rupert
 27392 | Lair:6   | Found a staircase to the Slime Pits.
 27571 | Lair:6   | Received a gift from Yredelemnul (a skeletal warrior)
 27737 | Lair:6   | Received a gift from Yredelemnul (a bone dragon)
 27876 | Lair:6   | Received a gift from Yredelemnul (a vampire)
 28327 | Lair:6   | Identified the ring of the Worm {rC- rN+ Will+ SInv}
 28408 | Lair:6   | Received a gift from Yredelemnul (a vampire)
 28555 | Lair:6   | Received a gift from Yredelemnul (a vampire)
 28567 | Lair:6   | Received a gift from Yredelemnul (a skeletal warrior)
 29508 | D:12     | Received a gift from Yredelemnul (a ghoul)
 29765 | D:12     | You fall into a shaft and drop 3 floors!
 29765 | D:15     | Entered Level 15 of the Dungeon
 29773 | D:15     | Found a shadowy altar of Dithmenos.
 30065 | D:15     | Received a gift from Yredelemnul (a skeletal warrior)
 30066 | D:15     | Reached skill level 10 in Armour
 30420 | D:15     | Reached XP level 15. HP: 126/128 MP: 22/22
 30434 | D:15     | Reached skill level 14 in Unarmed Combat
 30883 | D:15     | Found a staircase to the Depths.
 30932 | D:15     | Found Zyqusm's Assorted Antiques.
 30939 | D:15     | Bought a scroll of teleportation for 84 gold pieces
 30939 | D:15     | Bought a scroll of enchant armour for 210 gold pieces
 30939 | D:15     | Bought a scroll of teleportation for 84 gold pieces
 31015 | D:15     | Received a gift from Yredelemnul (a flayed ghost)
 32008 | D:15     | Acquired the ring of the Evening {rCorr Str+4 Dex+2}
 32009 | D:15     | Acquired 526 gold pieces
 32073 | D:15     | Bought a shiny plate armour for 728 gold pieces
 32204 | D:14     | Found a gate to the Vaults.
 32297 | D:14     | Found a flagged portal.
 32318 | D:14     | Identified the +11 hand axe of Reason {flame, rN++ Dex+7}
 32606 | Bailey   | Entered a bailey
 32619 | Bailey   | Received a gift from Yredelemnul (a vampire)
 32735 | Bailey   | Found an iron altar of Okawaru.
 33144 | Bailey   | Received a gift from Yredelemnul (a vampire)
 33228 | Bailey   | Received a gift from Yredelemnul (a flayed ghost)
 33453 | Bailey   | Identified the Catalogue of the Displaced Frostbite
 33486 | D:14     | Acquired the amulet "Nupliux" {Reflect rF+ rC++ SH+5}
 34065 | D:14     | Found the +15 Maxwell's patent armour {-Cast -Tele rElec
                  | Will+ rCorr}
 34068 | D:14     | Received a gift from Yredelemnul (a skeletal warrior)
 34306 | D:14     | Noticed a tengu reaver
 34307 | D:14     | Noticed a frost giant
 34324 | D:14     | Killed a frost giant
 34328 | D:14     | Your ally Rupert died
 34330 | D:14     | Killed a tengu reaver
 34539 | D:14     | Received a gift from Yredelemnul (a flayed ghost)
 34619 | D:14     | Noticed a frost giant
 34628 | D:14     | Killed a frost giant
 34994 | D:14     | Found an ornate altar of the Wu Jian Council.
 36202 | D:13     | Reached XP level 16. HP: 137/137 MP: 24/24
 36208 | D:13     | Received a gift from Yredelemnul (a profane servitor)
 36213 | D:13     | Received a gift from Yredelemnul (a ghoul)
 36870 | Orc:1    | Entered Level 1 of the Orcish Mines
 36903 | Orc:1    | Noticed Maurice
 36911 | Orc:1    | Killed Maurice
 37135 | Orc:2    | Entered Level 2 of the Orcish Mines
 37145 | Orc:2    | Received a gift from Yredelemnul (a ghoul)
 37171 | Orc:2    | Noticed Josephine
 37181 | Orc:2    | Received a gift from Yredelemnul (a bone dragon)
 37183 | Orc:2    | Killed Josephine
 37449 | Orc:2    | Found a staircase to the Elven Halls.
 37474 | Orc:2    | Noticed Donald
 37483 | Orc:2    | Killed Donald
 37483 | Orc:2    | Enslaved Donald
 37604 | Orc:2    | Found a radiant altar of Vehumet.
 37695 | Orc:2    | Received a gift from Yredelemnul (a phantasmal warrior)
 37740 | Orc:2    | Reached skill level 15 in Unarmed Combat
 37753 | Orc:2    | Found Cieschoa's Armour Boutique.
 37753 | Orc:2    | Found Xulolad's Book Shoppe.
 37756 | Orc:2    | Found Zuexikad's Jewellery Shoppe.
 37756 | Orc:2    | Found Heafi's Antique Armour Boutique.
 37816 | Orc:2    | Bought a manual of Fighting for 1876 gold pieces
 38038 | Orc:1    | Found Gounud's Weapon Shoppe.
 38155 | Orc:1    | Found an iron altar of Okawaru.
 38419 | Snake:1  | Entered Level 1 of the Snake Pit
 38830 | Snake:1  | Found Ziarchar's Distillery.
 38834 | Snake:1  | Found Vamuwe's Antique Armour Emporium.
 38834 | Snake:1  | Found Cyez Vih's Book Shoppe.
 38839 | Snake:1  | Bought a potion of invisibility for 136 gold pieces
 38839 | Snake:1  | Found Suthrom's Weapon Shoppe.
 38849 | Snake:1  | Bought a heavily runed tower shield for 247 gold pieces
 38849 | Snake:1  | Identified the +4 tower shield of Birdsong {Harm Rampage
                  | +Blink rCorr} (You bought it in a shop on level 1 of the
                  | Snake Pit)
 38956 | Snake:1  | Received a gift from Yredelemnul (a profane servitor)
 39894 | Snake:2  | Reached skill level 10 in Shields
 40123 | Snake:2  | Received a gift from Yredelemnul (a vampire)
 40381 | Snake:2  | Received a gift from Yredelemnul (a phantasmal warrior)
 41061 | Snake:3  | Noticed a nagaraja
 41069 | Snake:3  | Killed a nagaraja
 41069 | Snake:3  | Noticed Vashnia
 41082 | Snake:3  | Killed Vashnia
 41082 | Snake:3  | Enslaved Vashnia
 41485 | Snake:3  | Reached XP level 17. HP: 146/146 MP: 26/26
 41990 | Snake:3  | Reached skill level 10 in Dodging
 42280 | Snake:4  | Entered Level 4 of the Snake Pit
 42280 | Snake:4  | Found Vuja's Distillery.
 42312 | Snake:4  | Received a gift from Yredelemnul (a vampire knight)
 42368 | Snake:4  | Found Corita's Assorted Antiques.
 42494 | Snake:4  | Found Votiemak's Antique Weapon Boutique.
 42553 | Snake:4  | Found Honux's Jewellery Shop.
 42693 | Snake:4  | Received a gift from Yredelemnul (a vampire knight)
 42707 | Snake:4  | Received a gift from Yredelemnul (a vampire knight)
 42707 | Snake:4  | Received a gift from Yredelemnul (a ghoul)
 42933 | Snake:4  | Got a serpentine rune of Zot
 43337 | Swamp:1  | Entered Level 1 of the Swamp
 43393 | Swamp:1  | Reached skill level 16 in Unarmed Combat
 43395 | Swamp:1  | Identified the ring of Woucliown {Contam rF+++ rC++ Str+2
                  | Int+6 Dex-2}
 43770 | Swamp:1  | Noticed Louise
 43779 | Swamp:1  | Killed Louise
 43809 | Swamp:1  | Noticed Kirke
 43812 | Swamp:1  | Received a gift from Yredelemnul (a phantasmal warrior)
 43812 | Swamp:1  | Noticed a sphinx
 43816 | Swamp:1  | Killed Kirke
 43855 | Swamp:1  | Noticed Jorgrun
 43861 | Swamp:1  | Killed Jorgrun
 44516 | Swamp:2  | Noticed Nikola
 44524 | Swamp:2  | Killed Nikola
 44613 | Swamp:2  | Received a gift from Yredelemnul (a flayed ghost)
 44900 | Swamp:2  | You fall into a shaft and drop 1 floor!
 45205 | Swamp:3  | Noticed Xufiri's ghost (adept FoFi)
 45212 | Swamp:3  | Found a runed translucent gate.
 45215 | Swamp:3  | Found a runed translucent gate.
 45215 | Swamp:3  | Found a runed translucent gate.
 45881 | Swamp:3  | Reached XP level 18. HP: 106/157 MP: 27/27
 45889 | Swamp:3  | Received a gift from Yredelemnul (a ghoul)
 45893 | Swamp:3  | Killed Xufiri's ghost
 46473 | Swamp:4  | Entered Level 4 of the Swamp
 46825 | Swamp:4  | Noticed a tentacled monstrosity
 46832 | Swamp:4  | Killed a tentacled monstrosity
 47580 | Swamp:4  | Got a decaying rune of Zot
 47978 | Vaults:1 | Entered Level 1 of the Vaults
 48745 | Vaults:1 | Received a gift from Yredelemnul (a vampire)
 49376 | Vaults:1 | Reached skill level 17 in Unarmed Combat
 49385 | Vaults:1 | Received a gift from Yredelemnul (a vampire knight)
 49662 | Vaults:1 | Reached XP level 19. HP: 167/167 MP: 28/28
 49676 | Vaults:1 | Identified the +0 chain mail "Filuubb" {Str+2 Stlth+}
 49957 | Vaults:1 | Received a gift from Yredelemnul (a phantasmal warrior)
 50477 | Vaults:1 | Received a gift from Yredelemnul (a skeletal warrior)
 50607 | Vaults:2 | Found a magical portal.
 50633 | WizLab   | Entered Doroklohe's Tomb
 50884 | WizLab   | Noticed an ancient lich
 50900 | WizLab   | Killed from afar by an ancient lich

Illustrated notes

Levels and vault maps discovered:
D:1:      minmay_arrival_plants_in_alcoves, layout_basic,
          hellmonk_ecumenical_altar_blasted
D:2:      layout_loops_ring, minmay_crystal_water, minmay_split_cup_large
D:3:      layout_loops_cross
D:4:      layout_basic, nicolae_overflow_crystal_walls,
          minmay_temple_entry_mist, uniq_robin
D:5:      layout_basic
D:6:      layout_gridville, serial_rivers, chequers_serial_rivers_micro_d,
          chequers_serial_rivers_micro_b, chequers_serial_rivers_room_b,
          chequers_serial_rivers_micro_b
D:7:      layout_cave_pools, gammafunk_temple_overflow_wave, serial_gnoll_camp,
          gnoll_camp_mini_hut, gnoll_camp_medium_02, gnoll_camp_medium_01,
          gnoll_camp_mini_hut, gnoll_camp_huts_basic, gnoll_camp_mini_loothouse,
          uniq_joseph
D:8:      minmay_s_stair_smasher, layout_loops_ring, minmay_holes,
          chequers_jeans, nicolae_good_shop
D:9:      layout_gridville, lair_entry_dummy, zombieorc2_lemuel,
          kennysheep_generic_room_3
D:10:     layout_roguey, lemuel_mausoleum_altar_kikubaaqudgha,
          lightli_wizard_tower
D:11:     layout_rooms, portal_ice_cave_entry_ice_beasts, st_stairs_4,
          uniq_snorg
D:12:     layout_loops_ring, serial_bayou_ford_a
D:13:     layout_basic, kennysheep_kite_vault
D:14:     thingy_vault, layout_stronghold, lightli_vaults_fourway_checkpoint,
          enter_bailey_2, nicolae_wu_jian_wuxing_cycle
D:15:     hangedman_depths_entry_civil_slaughter, layout_basic,
          nicolae_dithmenos_shadow_blocks, serial_shops, shop_statue
Temple:   regret_index_temple_mists
Lair:1:   layout_regular_city, minmay_lair_oklob_bushes,
          chequers_serial_rivers_micro_b
Lair:2:   beast_lair_carwin_large_3, layout_cave_pods,
          ebering_ghost_funeral_grove, minmay_hedge_maze, serial_bayou_crossing,
          minmay_lair_oklob_chamber
Lair:3:   layout_regular_city, dummy_snake_entry, gammafunk_ghost_hive,
          uniq_sonja, uniq_fannar
Lair:4:   layout_gridlike, minmay_swamp_entry_swarm, fungi_pond_lemuel
Lair:5:   layout_cave_pods, lightli_volcano_entry_magma_tube,
          lemuel_old_faithful, infiniplex_staircase_pool, grunt_megastairs_4,
          serial_bayou_shore_a, lemuel_fruit_tree
Lair:6:   minmay_lair_end_enchanted_forest, layout_long_grid,
          minmay_slime_entry_pillars, special_room [special_room_bee],
          chequers_serial_rivers_room_b, grunt_megastairs_3, uniq_rupert
Swamp:1:  nicolae_swamp_ascending_descending_big, layout_basic_swamp,
          evilmike_swamp_ruin_wall, swamp_pool1, uniq_jorgrun, uniq_louise,
          uniq_kirke
Swamp:2:  layout_basic_swamp, serial_swamp_ruin, evilmike_swamp_ruin_house_3,
          evilmike_swamp_ruin_house_4, evilmike_swamp_ruin_house_1, uniq_nikola
Swamp:3:  layout_basic_swamp, gammafunk_ghost_split, hangedman_swamp_ruin_wall,
          nzn_swamp_blast_mining
Swamp:4:  nzn_swamp_witches_coven, layout_basic_swamp
Snake:1:  layout_grid_maze, minmay_shoptagon
Snake:2:  layout_basic, st_stairs_3
Snake:3:  layout_basic, uniq_vashnia
Snake:4:  snake_pit, layout_misc_corridors, serial_shops, shop, shop, shop,
          shop, st_stairs_11
Orc:1:    layout_caves, serial_shops, nicolae_shop_waterfront,
          okawaru_metal_pillars_1_2, uniq_maurice
Orc:2:    grunt_orc_tribal_feast, layout_diamond_mine, basic_altar,
          uniq_josephine, uniq_donald
Vaults:1: nicolae_vaults_little_squares_3, v_misc_3, v_rooms_5,
          nicolae_vaults_big_ls, v_misc_30, vaults_room_grunt_arrival_ludios,
          vaults_mumra_chevron, hangedman_vaults_capsules, v_misc_15,
          layout_vaults_ring
Vaults:2: grunt_vaults_twisty, nicolae_vaults_twisting_passages,
          minmay_crypt_entry_necro_gods, v_pattern_2, nicolae_vaults_what_the_h,
          vaults_dpeg_diagonal, nicolae_vaults_shelves_hall, vaults_room_fours,
          vaults_room_pools, layout_vaults_omnicross, mu_enter_wizlab_4
WizLab:   wizlab_doroklohe

Skill      XL: |  1  2  3  4  5  6  7  8  9 10 11 12 13 14 15 16 17 18 19 |
---------------+----------------------------------------------------------+-----
Armour         | 1 2 3 4 5 6 7 8 9 10 11 12 13 | 13.2
Unarmed Combat | 4 5 6 7 8 9 11 12 13 14 15 16 17 | 17.2
Stealth        | 3 4 |  4.0
Dodging        | 3 4 5 6 7 8 9 10 11 | 11.0
Fighting       | 4 5 6 7 8 9 10 11 12 13 14 | 14.3
Invocations    | 1 3 4 5 7 9 10 11 12 13 14 | 14.4
Shields        | 1 3 4 6 8 9 10 11 12 | 12.3
Evocations     | 3 4 5 6 7 8 9 |  9.3

Action                   |  1- 3 |  4- 6 |  7- 9 | 10-12 | 13-15 | 16-18 | 19-21 || total
-------------------------+-------+-------+-------+-------+-------+-------+-------++-------
Melee: Unarmed           |   102 |   192 |   494 |   744 |  1212 |   896 |    75 ||  3715
       Punch             |       |     5 |    15 |       |       |       |       ||    20
Invok: Recall Undead Sla |       |       |    10 |    12 |    15 |    15 |     1 ||    53
       Animate Dead      |       |       |     1 |       |     1 |       |       ||     2
       Drain Life        |       |       |       |     4 |     5 |    10 |     1 ||    20
       Enslave Soul      |       |       |       |       |     1 |     2 |       ||     3
Evoke: Wand              |       |       |     1 |     4 |     6 |     4 |       ||    15
  Use: Scroll            |       |    11 |     9 |     9 |     7 |     3 |     1 ||    40
       Potion            |       |       |       |     1 |     1 |       |       ||     2
 Stab: Sleeping          |     2 |       |       |     4 |     5 |       |       ||    11
       Distracted        |       |       |       |     9 |     7 |    13 |     1 ||    30
       Paralysed         |       |       |       |       |     9 |     5 |       ||    14
       Confused          |       |       |       |       |     1 |       |       ||     1
Armor: Robe              |    23 |       |       |       |       |       |       ||    23
       Scale mail        |     6 |    58 |    36 |       |       |       |       ||   100
       Chain mail        |       |       |   208 |    56 |       |       |       ||   264
       Ring mail         |       |       |       |   306 |   317 |       |       ||   623
       Plate armour      |       |       |       |       |   228 |   373 |    89 ||   690
Dodge: Dodged            |    72 |    83 |   201 |   434 |   554 |   152 |    27 ||  1523
Block: Buckler           |       |       |     1 |   147 |   251 |       |       ||   399
       Kite shield       |       |       |       |       |     1 |    73 |       ||    74
       Tower shield      |       |       |       |       |       |  1010 |   142 ||  1152
       Reflection        |       |       |       |       |       |    96 |     2 ||    98

Table legend: (Time is in decaauts)
 A = Elapsed time spent in this place.
 B = Non-inter-level travel time spent in this place.
 C = Inter-level travel time spent in this place.
 D = Time resting spent in this place.
 E = Time spent auto-exploring this place.
 F = Levels seen in this place.
 G = Mean time per level.
                   A        B        C        D        E       F      G
               +--------+--------+--------+--------+--------+-----+--------+
         Total |  50818 |  47753 |   3065 |   5340 |  33428 |  38 | 1337.3 |
       Dungeon |  23860 |  22609 |   1251 |   2743 |  15888 |  15 | 1590.7 |
        Temple |    169 |    143 |     26 |      0 |    124 |   1 |  169.0 |
          Lair |   9376 |   8623 |    753 |    594 |   6427 |   6 | 1562.7 |
         Swamp |   4401 |   4145 |    256 |    192 |   3148 |   4 | 1100.2 |
     Snake Pit |   4857 |   4538 |    319 |    168 |   3485 |   4 | 1214.2 |
  Orcish Mines |   1463 |   1309 |    154 |      8 |   1023 |   2 |  731.5 |
        Vaults |   2648 |   2344 |    304 |      0 |   1850 |   2 | 1324.0 |
        Bailey |    869 |    869 |      0 |    198 |    421 |   1 |  869.0 |
      Ice Cave |   1444 |   1444 |      0 |    529 |    647 |   1 | 1444.0 |
       Volcano |   1458 |   1458 |      0 |    808 |    411 |   1 | 1458.0 |
        Wizlab |    268 |    268 |      0 |    100 |      0 |   1 |  268.0 |
               +--------+--------+--------+--------+--------+-----+--------+

Top non-repeatable levels by time:
     D:9: 2619 daAuts
Vaults:1: 2592 daAuts
    D:15: 2398 daAuts
    D:14: 2369 daAuts
    D:10: 2188 daAuts
     D:6: 1966 daAuts
     D:7: 1914 daAuts
  Lair:1: 1698 daAuts
  Lair:5: 1667 daAuts
  Lair:2: 1658 daAuts
     D:4: 1633 daAuts
  Lair:6: 1559 daAuts
  Lair:4: 1547 daAuts
 Snake:3: 1514 daAuts
 Swamp:3: 1458 daAuts
